 Dungeon Crawl Stone Soup version 0.26.1-11-gd32895ea62 (webtiles) character file.

Game seed: 152006660050906413

84 H0rd4k the Insei (level 4, 0/28 HPs)
             Began as an Octopode Transmuter on June 23, 2021.
             Slain by an orc (4 damage)
             ... on level 2 of the Dungeon.
             The game lasted 00:01:42 (1753 turns).

H0rd4k the Insei (Octopode Transmuter)              Turns: 1753, Time: 00:01:42

Health: 0/28       AC:  1    Str:  9    XL:     4   Next: 46%
Magic:  7/7        EV: 13    Int: 16    God:
Gold:   178        SH:  0    Dex: 12    Spells: 4/8 levels left

rFire    + . .     SeeInvis .     - Unarmed
rCold    x . .     Faith    .   (no shield)
rNeg     . . .     Spirit   .   (helmet restricted)
rPois    .         Reflect  .   (no amulet)
rElec    .         Harm     .   k - ring of fire
rCorr    .         Rampage  .   j - ring of wizardry
Will     .....                  (no ring)
Stlth    +++.......             (no ring)
HPRegen  0.09/turn              (no ring)
MPRegen  0.10/turn              (no ring)
                                (no ring)
                                (no ring)

@: no status effects
A: almost no armour, stealthy swim, amphibious, 8 rings, constrict 8, camouflage
1, gelatinous body 1
a: no special abilities


You were on level 2 of the Dungeon.
You visited 1 branch of the dungeon, and saw 3 of its levels.

You collected 178 gold pieces.

Inventory:

Jewellery
 j - a ring of wizardry (right tentacle)
 k - a ring of fire (left tentacle)
Scrolls
 a - a scroll of remove curse {unknown}
 b - a scroll of immolation {unknown}
 d - a scroll of enchant weapon {unknown}
 f - 2 scrolls of teleportation {unknown}
 h - a scroll of fog {unknown}
 i - 3 scrolls of identify {unknown}
Potions
 c - a potion of mutation {unknown}
 e - 2 potions of magic {unknown}
 g - a potion of curing {unknown}


   Skills:
 + Level 1.0 Fighting
 + Level 2.2 Dodging
 - Level 1.0 Stealth
 + Level 3.9 Unarmed Combat
 * Level 2.6 Spellcasting
 * Level 2.5 Transmutations
 + Level 1.0 Poison Magic


You had 4 spell levels left.
You knew the following spells:

 Your Spells              Type           Power        Failure   Level
a - Beastly Appendage     Tmut           20%          2%          1
b - Spider Form           Tmut/Pois      3%           12%         3

Your spell library contained the following spells:

 Spells                   Type           Power        Failure   Level
 Wereblood                Tmut           10%          4%          2
 Ice Form                 Ice/Tmut       6%           41%         4
 Blade Hands              Tmut           5%           56%         5


Dungeon Overview and Level Annotations

Branches:
Dungeon (3/15)

Altars:


Innate Abilities, Weirdness & Mutations

You cannot wear most types of armour.
You are very stealthy in the water. (Stealth+)
You are amphibious.
You can wear up to eight rings at the same time.
You can use your tentacles to constrict eight enemies at once.
Your skin changes colour to match your surroundings (Stealth+).
Your rubbery body absorbs attacks. (AC +1, EV +1)


Message History

You closely miss the adder. You grab the adder.
You constrict the adder, but do no damage.
The adder barely misses you.
You barely miss the adder. You squeeze the adder.
The adder is severely wounded.
You constrict the adder. The adder barely misses you.
You tentacle-slap the adder.
You kill the adder!
There is a stone staircase leading up here.
The orc hits you.
* * * LOW HITPOINT WARNING * * *
You climb upwards.
There is a stone staircase leading down here.
You tentacle-slap the orc. You grab the orc.
The orc is lightly wounded.
You constrict the orc. The orc misses you.
You tentacle-slap the orc.
The orc is heavily wounded.
You constrict the orc. The orc hits you.
You die...

##.....#.....##
#...[####
########.####
###...... #.#
#...... #.#
#####.#.#.. #.#
##.......... #.#
##...........
###.###............
#.....#............
#.@................
#.o................
#..................
####...............
#...###..<..#....
##### ###########


You could see an orc.

Vanquished Creatures
  2 adders
  2 oozes (D:2)
  2 dart slugs
  2 leopard geckos
  4 orcs (D:3)
  2 giant cockroaches (D:1)
  7 goblins
  4 hobgoblins
  3 jackals (D:1)
  A quokka (D:2)
  A ball python (D:2)
  5 bats
  A frilled lizard (D:2)
  4 kobolds
  8 rats
48 creatures vanquished.

Notes
Turn   | Place    | Note
-------+----------+-------------------------------------------
     0 | D:1      | H0rd4k the Octopode Transmuter began the quest for the Orb.
     0 | D:1      | Reached XP level 1. HP: 13/13 MP: 3/3
   214 | D:1      | Reached XP level 2. HP: 17/18 MP: 5/5
   948 | D:2      | Reached XP level 3. HP: 23/23 MP: 6/6
   955 | D:2      | Reached skill level 1 in Stealth
   961 | D:2      | Learned a level 3 spell: Spider Form
  1210 | D:2      | Reached skill level 1 in Poison Magic
  1218 | D:2      | Reached XP level 4. HP: 19/28 MP: 7/7
  1753 | D:2      | Slain by an orc

Illustrated notes

Levels and vault maps discovered:
D:1:      dpeg_arrival_subterranean_lakeside_camping, layout_basic,
          roderic_roman_lattice
D:2:      layout_rooms
D:3:      layout_basic

Skill      XL: |  1  2  3 |
---------------+----------+-----
Stealth        | 1 |  1.0
Poison Magic   | 1 |  1.0
Fighting       | |  1.0
Dodging        | |  2.2
Unarmed Combat | |  3.9
Spellcasting   | |  2.6
Transmutations | |  2.5

Action                   |  1- 3 |  4- 6 || total
-------------------------+-------+-------++-------
Melee: Unarmed           |    72 |    31 ||   103
       Constrict         |    22 |     3 ||    25
       Tentacles         |    13 |     2 ||    15
       Punch             |       |     1 ||     1
 Cast: Spider Form       |       |     1 ||     1
 Stab: Sleeping          |     6 |     2 ||     8
       Distracted        |     1 |       ||     1
Armor: Skin              |     6 |     3 ||     9
Dodge: Dodged            |    48 |    13 ||    61
